Kings vs Golden Knights

Created - 11 mars 2024 at 21:27

Goals
1 2 3 T
Kings 1 1 2 4
Golden Knights 1 1 0 2
Shots
1 2 3 T
Kings 5 13 14 32
Golden Knights 16 17 7 40

GoalsPenalties
1st period
1. Kings , Tage Thompson 19 (Artemi Panarin 32) at 0:31
2. Golden Knights , Nic Dowd 17 (Blake Coleman 24, Ondrej Palat 36) at 15:15
Artemi Panarin (LAK) for Interference (Minor) at 15:53
2nd period
3. Golden Knights , Brock Boeser 21 (Matthew Boldy 23, Evgeni Malkin 43) at 8:50 (PP)
4. Kings , Tomas Hertl 35 (Alex Ovechkin 38) at 14:15
Jonas Brodin (LAK) for Slashing (Double Minor) at 8:43
3rd period
5. Kings , Alex Ovechkin 37 (Tomas Hertl 49, Trevor van Riemsdyk 6) at 11:51
6. Kings , Jayson Megna 10 (Sean Kuraly 10, Carl Grundstrom 15) at 19:16 (Empty Net)
Jaycob Megna (VGK) for Interference (Minor) at 16:42
Goalie Stats
Alexandar Georgiev (LAK), 38 saves from 40 shots - (0,950), W, 28-14-3, 60:00 minutes
Connor Hellebuyck (VGK), 28 saves from 31 shots - (0,903), L, 27-11-5, 59:48 minutes
3 StarsOfficial
1 - Tomas Hertl (LAK)
2 - Alex Ovechkin (LAK)
3 - Alexandar Georgiev (LAK)
Referees : Dan Kelly and Marc Joannette
Linesman : Shandor Alphonso and Kyle Allen
Game Note
Jayson Megna has scored in a empty net!
Finance
Level 1 -- Attendance: 6000 (100,00%) -- Ticket Income $450,000
Level 2 -- Attendance: 4787 (95,74%) -- Ticket Income $311,155
Level 3 -- Attendance: 1432 (71,60%) -- Ticket Income $64,440
Level 4 -- Attendance: 2306 (57,65%) -- Ticket Income $80,710
Luxury Box -- Attendance: 1000 (100,00%) -- Ticket Income $125,000
Game was played at the T-Mobile arena.
Total Attendance: 15525 (86,25%)
Total Ticket Income: $1,031,305
Other Income: $505,339
Total Income: $1,536,644



Team Name Goals Shots Shots Attemp Shots Blocked PIM HIT PP PK FO%
Kings 43264106210 / 1 (0%)146%
Golden Knights 2407672181 / 3 (33%)054%

Kings
Player Name POS G A P +/- PIM HIT SHT SB MP PP MP PP SHT PK MP PK SHT FO% FOT GA TA
Alex GoligoskiD0002012023:450:4502:2700% 001
Alex OvechkinLW/RW1122025018:200:3000:2500% 000
Anthony RichardC/LW000001008:020:0000:0000% 001
Artemi PanarinLW/RW0110222117:411:2900:0000% 220
Brian DumoulinD0000010220:591:1400:2000% 002
Carl GrundstromLW/RW011102108:260:0000:0000% 010
Christian FischerC/RW0000022114:000:0002:2600% 000
Jayson MegnaC/RW1011002110:020:0001:141100% 100
Jeff CarterC/RW0000012119:141:2901:14042% 1902
Jonas BrodinD0000400022:231:1401:1800% 000
Jordan EberleC/RW0002001017:510:3000:00033% 300
Joshua BrownD0001020014:540:0000:0000% 001
Milan LucicLW0000000011:340:0000:0000% 002
Olli MaattaD0002000220:110:4501:0100% 000
Sean KuralyC/LW0111033014:190:0002:26042% 1200
Tage ThompsonC/LW/RW1010016017:381:2910:0000% 200
Tomas HertlC/LW/RW1122036118:200:3000:25058% 2600
Trevor van RiemsdykD0111000118:140:0003:0400% 011
Golden Knights
Player Name POS G A P +/- PIM HIT SHT SB MP PP MP PP SHT PK MP PK SHT FO% FOT GA TA
Adam BoqvistD0001011013:331:3501:1900% 000
Blake ColemanC/LW/RW011-1017017:151:3700:0000% 110
Brock BoeserRW101-1015019:542:2820:000100% 120
Derek StepanC/LW/RW0000000211:250:0000:00029% 700
Evgeni MalkinC/LW/RW011-1024019:542:2800:00053% 3020
Gustav LindstromD000-100005:210:0000:0000% 000
Jacob BrysonD0001012011:260:0001:1900% 000
Jake EvansC/RW000-100009:540:0000:33086% 710
Jaycob MegnaD0000212121:121:3500:0000% 000
Joel KivirantaLW/RW000-201209:340:0000:0000% 010
Johnathan KovacevicD0000012218:470:0000:0000% 000
Mackenzie MacEachernLW000000000:000:0000:0000% 000
Matthew BoldyLW/RW0110010020:542:2801:2600% 201
Nic DowdC101-1014118:131:3700:33067% 1201
Nick LeddyD000-4012027:402:3010:4000% 010
Ondrej PalatLW/RW011-1003017:151:3700:00050% 411
Phil KesselRW0000013011:310:0000:0000% 110
Ryan PulockD000-3041022:192:3000:4000% 001
Tim GettingerLW000-101109:020:0000:0000% 000
Tyler JohnsonC/LW/RW0000001112:510:0001:2600% 000

Kings

5 vs 5 Forward
Line #Left WingCenterRight WingPHYDFOFWanted %Time %Time Play
1Alex OvechkinTomas HertlJordan Eberle0143832%17:25
2Artemi PanarinJeff CarterTage Thompson0233531%16:36
3Milan LucicSean KuralyChristian Fischer1132022%11:34
4Anthony RichardJayson MegnaCarl Grundstrom122715%8:02
5 vs 5 Defense
Line #DefenseDefensePHYDFOFWanted %Time %Time Play
1Jonas BrodinBrian Dumoulin1314038%20:37
2Alex GoligoskiOlli Maatta1313534%18:14
3Trevor van RiemsdykJoshua Brown1402528%14:46
4Jonas BrodinBrian Dumoulin12200%0:00
Power Play Forward
Line #Left WingCenterRight WingPHYDFOFWanted %Time %Time Play
1Alex OvechkinTomas HertlJordan Eberle0056025%0:30
2Artemi PanarinJeff CarterTage Thompson0054075%1:29
Power Play Defense
Line #DefenseDefensePHYDFOFWanted %Time %Time Play
1Jonas BrodinBrian Dumoulin0146062%1:14
2Alex GoligoskiOlli Maatta0144038%0:45
Penalty Kill 4 Players Forward
Line #CenterWingPHYDFOFWanted %Time %Time Play
1Sean KuralyChristian Fischer1406070%2:51
2Jeff CarterJayson Megna1404030%1:14
Penalty Kill 4 Players Defense
Line #DefenseDefensePHYDFOFWanted %Time %Time Play
1Trevor van RiemsdykJonas Brodin1406083%3:24
2Alex GoligoskiOlli Maatta1404017%0:41
Penalty Kill 3 Players
Line #WingPHYDFOFWanted %Time %Time PlayDefenseDefensePHYDFOFWanted %Time %Time Play
1Sean Kuraly140600%0:00 Jonas BrodinBrian Dumoulin140600%0:00
2Jeff Carter140400%0:00 Alex GoligoskiOlli Maatta140400%0:00
4 vs 4 Forward
Line #CenterWingPHYDFOFWanted %Time %Time Play
1Tomas HertlAlex Ovechkin014600%0:00
2Tage ThompsonJordan Eberle014400%0:00
4 vs 4 Defense
Line #DefensePHYDFOFWanted %Time %Time Play
1Jonas BrodinTrevor van Riemsdyk122600%0:00
2Alex GoligoskiOlli Maatta122400%0:00
Last Minutes Offensive
Left WingCenterRight WingDefenseDefense
Alex OvechkinTomas HertlArtemi PanarinJonas BrodinBrian Dumoulin
Last Minutes Defensive
Left WingCenterRight WingDefenseDefense
Sean KuralyJeff CarterJayson MegnaJonas BrodinBrian Dumoulin
Time
Total ForwardTotal DefenseLast Minutes OffensiveLast Minutes Defensive
60:00 60:00 0:000:19
Extra Forwards
Normal PowerPlayPenalty Kill
Carl Grundstrom, Tomas Hertl, Jeff CarterTomas Hertl, Carl GrundstromTomas Hertl
Extra Defensemen
Normal PowerPlayPenalty Kill
Trevor van Riemsdyk, Jonas Brodin, Olli MaattaTrevor van Riemsdyk, Alex GoligoskiJonas Brodin
Penalty Shots
Tage Thompson, Jeff Carter, Tomas Hertl, Alex Ovechkin, Carl Grundstrom
Goalie
Alexandar Georgiev, Martin Jones
Custom OT Lines Forwards
Alex Ovechkin, Artemi Panarin, Tomas Hertl, Carl Grundstrom, Jeff Carter, Tage Thompson, Sean Kuraly, Jordan Eberle, Christian Fischer, Milan Lucic
Custom OT Lines Defensemen
Jonas Brodin, Alex Goligoski, Brian Dumoulin, Olli Maatta, Trevor van Riemsdyk
Scratches
Rudolfs Balcers (Healthy), Matt Irwin (Healthy)

Golden Knights

5 vs 5 Forward
Line #Left WingCenterRight WingPHYDFOFWanted %Time %Time Play
1Matthew BoldyEvgeni MalkinBrock Boeser0233633%17:35
2Blake ColemanNic DowdOndrej Palat0233429%15:38
3Tyler JohnsonDerek StepanPhil Kessel0321721%11:25
4Tim GettingerJake EvansJoel Kiviranta0321317%9:02
5 vs 5 Defense
Line #DefenseDefensePHYDFOFWanted %Time %Time Play
1Nick LeddyRyan Pulock0233735%18:53
2Jaycob MegnaJohnathan Kovacevic0233336%19:19
3Adam BoqvistJacob Bryson0321719%10:07
4Gustav LindstromNick Leddy0321310%5:21
Power Play Forward
Line #Left WingCenterRight WingPHYDFOFWanted %Time %Time Play
1Matthew BoldyEvgeni MalkinBrock Boeser0235560%2:28
2Blake ColemanNic DowdOndrej Palat0234540%1:37
Power Play Defense
Line #DefenseDefensePHYDFOFWanted %Time %Time Play
1Nick LeddyRyan Pulock0235561%2:30
2Adam BoqvistJaycob Megna0234539%1:35
Penalty Kill 4 Players Forward
Line #CenterWingPHYDFOFWanted %Time %Time Play
1Jake EvansNic Dowd0325628%0:33
2Matthew BoldyTyler Johnson0324472%1:26
Penalty Kill 4 Players Defense
Line #DefenseDefensePHYDFOFWanted %Time %Time Play
1Nick LeddyRyan Pulock0325534%0:40
2Jaycob MegnaAdam Boqvist0324566%1:19
Penalty Kill 3 Players
Line #WingPHYDFOFWanted %Time %Time PlayDefenseDefensePHYDFOFWanted %Time %Time Play
1Jake Evans122550%0:00 Gustav LindstromRyan Pulock122550%0:00
2Nic Dowd122450%0:00 Jaycob MegnaNick Leddy122450%0:00
4 vs 4 Forward
Line #CenterWingPHYDFOFWanted %Time %Time Play
1Evgeni MalkinBrock Boeser122550%0:00
2Matthew BoldyTyler Johnson122450%0:00
4 vs 4 Defense
Line #DefensePHYDFOFWanted %Time %Time Play
1Nick LeddyRyan Pulock023550%0:00
2Adam BoqvistJaycob Megna032450%0:00
Last Minutes Offensive
Left WingCenterRight WingDefenseDefense
Matthew BoldyEvgeni MalkinBrock BoeserAdam BoqvistRyan Pulock
Last Minutes Defensive
Left WingCenterRight WingDefenseDefense
Matthew BoldyEvgeni MalkinJake EvansJohnathan KovacevicJaycob Megna
Time
Total ForwardTotal DefenseLast Minutes OffensiveLast Minutes Defensive
60:00 60:00 0:160:00
Extra Forwards
Normal PowerPlayPenalty Kill
Joel Kiviranta, Nic Dowd, Phil KesselOndrej Palat, Nic DowdPhil Kessel
Extra Defensemen
Normal PowerPlayPenalty Kill
Ryan Pulock, Jacob Bryson, Adam BoqvistAdam Boqvist, Jacob BrysonGustav Lindstrom
Penalty Shots
Evgeni Malkin, Brock Boeser, Matthew Boldy, Tyler Johnson, Blake Coleman
Goalie
Connor Hellebuyck, Lukas Dostal
Custom OT Lines Forwards
Evgeni Malkin, Brock Boeser, Matthew Boldy, Tyler Johnson, Blake Coleman, Nic Dowd, Ondrej Palat, Phil Kessel, Jake Evans, Derek Stepan
Custom OT Lines Defensemen
Adam Boqvist, Ryan Pulock, Jaycob Megna, Nick Leddy, Gustav Lindstrom
Scratches
None


Play-by-Play

1st period


0:01 of 1st period - Tomas Hertl wins face-off versus Evgeni Malkin in neutral zone.
0:06 of 1st period - Snap shot by Tomas Hertl.
0:06 of 1st period - Shot Hit the Post.
0:08 of 1st period - Slapshot by Jonas Brodin.
0:08 of 1st period - Shot Misses the Net.
0:10 of 1st period - Slapshot by Tomas Hertl.
0:10 of 1st period - Shot Misses the Net.
0:31 of 1st period - Snap shot by Tage Thompson.
0:31 of 1st period - Goal by Tage Thompson - Kings : 1 - Golden Knights : 0.
0:32 of 1st period - Sean Kuraly wins face-off versus Phil Kessel in neutral zone.
1:20 of 1st period - Wrist shot by Ondrej Palat.
1:20 of 1st period - Shot Blocked by Olli Maatta.
1:22 of 1st period - Wrist shot by Johnathan Kovacevic.
1:22 of 1st period - Stopped by Alexandar Georgiev without a rebound.
1:23 of 1st period - Jayson Megna wins face-off versus Nic Dowd in Kings zone.
1:48 of 1st period - Olli Maatta is hit by Evgeni Malkin and loses puck.
2:19 of 1st period - Wrist shot by Phil Kessel.
2:19 of 1st period - Stopped by Alexandar Georgiev without a rebound.
2:20 of 1st period - Nic Dowd wins face-off versus Jeff Carter in Kings zone.
2:27 of 1st period - Wrist shot by Ondrej Palat.
2:27 of 1st period - Stopped by Alexandar Georgiev without a rebound.
2:28 of 1st period - Nic Dowd wins face-off versus Jeff Carter in Kings zone.
2:29 of 1st period - Wrist shot by Ondrej Palat.
2:29 of 1st period - Shot Misses the Net.
2:37 of 1st period - Snap shot by Ondrej Palat.
2:37 of 1st period - Stopped by Alexandar Georgiev without a rebound.
2:38 of 1st period - Evgeni Malkin wins face-off versus Tomas Hertl in Kings zone.
2:55 of 1st period - Backhand shot by Tomas Hertl.
2:55 of 1st period - Stopped by Connor Hellebuyck without a rebound.
2:56 of 1st period - Jake Evans wins face-off versus Jeff Carter in Golden Knights zone.
3:11 of 1st period - Jeff Carter is hit by Jaycob Megna and loses puck.
3:48 of 1st period - Wrist shot by Blake Coleman.
3:48 of 1st period - Stopped by Alexandar Georgiev with a rebound.
3:50 of 1st period - Wrist shot by Blake Coleman.
3:50 of 1st period - Stopped by Alexandar Georgiev without a rebound.
3:51 of 1st period - Ondrej Palat wins face-off versus Artemi Panarin in Kings zone.
4:00 of 1st period - Ryan Pulock is hit by Tage Thompson and loses puck.
4:15 of 1st period - Slapshot by Blake Coleman.
4:15 of 1st period - Shot Misses the Net.
4:19 of 1st period - Wrist shot by Nic Dowd.
4:19 of 1st period - Shot Misses the Net.
4:29 of 1st period - Slapshot by Ondrej Palat.
4:29 of 1st period - Shot Misses the Net.
4:38 of 1st period - Wrist shot by Nick Leddy.
4:38 of 1st period - Stopped by Alexandar Georgiev without a rebound.
4:39 of 1st period - Jeff Carter wins face-off versus Evgeni Malkin in Kings zone.
4:50 of 1st period - Snap shot by Artemi Panarin.
4:50 of 1st period - Shot Misses the Net.
5:45 of 1st period - Slapshot by Carl Grundstrom.
5:45 of 1st period - Stopped by Connor Hellebuyck without a rebound.
5:46 of 1st period - Brock Boeser wins face-off versus Tomas Hertl in Golden Knights zone.
6:19 of 1st period - Snap shot by Artemi Panarin.
6:19 of 1st period - Stopped by Connor Hellebuyck without a rebound.
6:20 of 1st period - Jeff Carter wins face-off versus Derek Stepan in Golden Knights zone.
6:21 of 1st period - Snap shot by Artemi Panarin.
6:21 of 1st period - Shot Blocked by Jaycob Megna.
6:23 of 1st period - Snap shot by Jeff Carter.
6:23 of 1st period - Deflect By Artemi Panarin.
6:23 of 1st period - Shot Blocked by Johnathan Kovacevic.
6:23 of 1st period - Puck is out of play.
6:24 of 1st period - Derek Stepan wins face-off versus Tage Thompson in Golden Knights zone.
7:53 of 1st period - Wrist shot by Artemi Panarin.
7:53 of 1st period - Shot Misses the Net.
7:55 of 1st period - Slapshot by Joshua Brown.
7:55 of 1st period - Shot Misses the Net.
7:57 of 1st period - Snap shot by Jeff Carter.
7:57 of 1st period - Stopped by Connor Hellebuyck without a rebound.
7:58 of 1st period - Jake Evans wins face-off versus Tomas Hertl in Golden Knights zone.
8:37 of 1st period - Wrist shot by Jake Evans.
8:37 of 1st period - Shot Misses the Net.
8:39 of 1st period - Wrist shot by Tim Gettinger.
8:39 of 1st period - Shot Misses the Net.
8:41 of 1st period - Wrist shot by Jake Evans.
8:41 of 1st period - Shot Misses the Net.
9:04 of 1st period - Snap shot by Jake Evans.
9:04 of 1st period - Shot Misses the Net.
9:06 of 1st period - Slapshot by Gustav Lindstrom.
9:06 of 1st period - Shot Misses the Net.
9:08 of 1st period - Wrist shot by Jake Evans.
9:08 of 1st period - Shot Blocked by Tomas Hertl.
9:10 of 1st period - Snap shot by Tim Gettinger.
9:10 of 1st period - Shot Misses the Net.
9:12 of 1st period - Slapshot by Jacob Bryson.
9:12 of 1st period - Stopped by Alexandar Georgiev without a rebound.
9:13 of 1st period - Evgeni Malkin wins face-off versus Artemi Panarin in Kings zone.
9:22 of 1st period - Snap shot by Evgeni Malkin.
9:22 of 1st period - Stopped by Alexandar Georgiev with a rebound.
9:24 of 1st period - Snap shot by Brock Boeser.
9:24 of 1st period - Shot Blocked by Artemi Panarin.
9:26 of 1st period - Slapshot by Jacob Bryson.
9:26 of 1st period - Stopped by Alexandar Georgiev with a rebound.
9:28 of 1st period - Wrist shot by Matthew Boldy.
9:28 of 1st period - Shot Misses the Net.
9:40 of 1st period - Ondrej Palat is hit by Sean Kuraly and loses puck.
10:07 of 1st period - Blake Coleman is hit by Anthony Richard and loses puck.
10:28 of 1st period - Blake Coleman is hit by Sean Kuraly and loses puck.
10:35 of 1st period - Snap shot by Blake Coleman.
10:35 of 1st period - Stopped by Alexandar Georgiev with a rebound.
10:37 of 1st period - Slapshot by Nic Dowd.
10:37 of 1st period - Shot Misses the Net.
10:49 of 1st period - Wrist shot by Blake Coleman.
10:49 of 1st period - Stopped by Alexandar Georgiev with a rebound.
10:51 of 1st period - Snap shot by Ryan Pulock.
10:51 of 1st period - Stopped by Alexandar Georgiev without a rebound.
10:52 of 1st period - Evgeni Malkin wins face-off versus Jeff Carter in Kings zone.
10:55 of 1st period - Wrist shot by Brock Boeser.
10:55 of 1st period - Stopped by Alexandar Georgiev without a rebound.
10:56 of 1st period - Evgeni Malkin wins face-off versus Jeff Carter in Kings zone.
11:37 of 1st period - Wrist shot by Alex Ovechkin.
11:37 of 1st period - Shot Misses the Net.
12:55 of 1st period - Wrist shot by Tyler Johnson.
12:55 of 1st period - Shot Misses the Net.
13:56 of 1st period - Snap shot by Tyler Johnson.
13:56 of 1st period - Deflect By Brian Dumoulin.
13:56 of 1st period - Shot Misses the Net.
13:56 of 1st period - Puck is out of play.
13:57 of 1st period - Evgeni Malkin wins face-off versus Jeff Carter in Kings zone.
14:23 of 1st period - Matthew Boldy is hit by Christian Fischer and loses puck.
14:50 of 1st period - Alex Ovechkin is hit by Jacob Bryson and loses puck.
15:15 of 1st period - Wrist shot by Blake Coleman.
15:15 of 1st period - Deflect By Nic Dowd.
15:15 of 1st period - Goal by Nic Dowd - Kings : 1 - Golden Knights : 1.
15:16 of 1st period - Tomas Hertl wins face-off versus Nic Dowd in neutral zone.
15:40 of 1st period - Icing by Ondrej Palat.
15:41 of 1st period - Nic Dowd wins face-off versus Jeff Carter in Golden Knights zone.
15:53 of 1st period - Minor Penalty to Artemi Panarin for Interference.
15:54 of 1st period - Evgeni Malkin wins face-off versus Sean Kuraly in Kings zone.
17:39 of 1st period - Blake Coleman is hit by Jeff Carter and loses puck.
17:53 of 1st period - Penalty to Artemi Panarin is over, Artemi Panarin is back on ice.
18:18 of 1st period - Snap shot by Carl Grundstrom.
18:18 of 1st period - Shot Misses the Net.
18:24 of 1st period - Slapshot by Adam Boqvist.
18:24 of 1st period - Deflect By Tim Gettinger.
18:24 of 1st period - Stopped by Alexandar Georgiev without a rebound.
18:25 of 1st period - Tomas Hertl wins face-off versus Derek Stepan in Kings zone.
18:38 of 1st period - Tyler Johnson is hit by Alex Ovechkin and loses puck.
19:01 of 1st period - Alex Goligoski is hit by Ryan Pulock and loses puck.
19:39 of 1st period - Jeff Carter is hit by Nic Dowd and loses puck.
19:46 of 1st period - Johnathan Kovacevic is hit by Artemi Panarin and loses puck.
Goals for this period are 1 for Kings vs 1 for Golden Knights.
Shots for this period are 5 for Kings vs 16 for Golden Knights.

2nd period


0:01 of 2nd period - Tomas Hertl wins face-off versus Evgeni Malkin in neutral zone.
0:04 of 2nd period - Wrist shot by Alex Ovechkin.
0:04 of 2nd period - Stopped by Connor Hellebuyck with a rebound.
0:06 of 2nd period - Snap shot by Tomas Hertl.
0:06 of 2nd period - Shot Misses the Net.
0:08 of 2nd period - Backhand shot by Tomas Hertl.
0:08 of 2nd period - Stopped by Connor Hellebuyck without a rebound.
0:09 of 2nd period - Tomas Hertl wins face-off versus Evgeni Malkin in Golden Knights zone.
0:24 of 2nd period - Slapshot by Alex Ovechkin.
0:24 of 2nd period - Shot Misses the Net.
0:26 of 2nd period - Snap shot by Alex Ovechkin.
0:26 of 2nd period - Stopped by Connor Hellebuyck with a rebound.
0:28 of 2nd period - Slapshot by Alex Goligoski.
0:28 of 2nd period - Stopped by Connor Hellebuyck with a rebound.
0:30 of 2nd period - Snap shot by Alex Goligoski.
0:30 of 2nd period - Shot Misses the Net.
0:34 of 2nd period - Wrist shot by Tomas Hertl.
0:34 of 2nd period - Stopped by Connor Hellebuyck with a rebound.
0:36 of 2nd period - Backhand shot by Alex Goligoski.
0:36 of 2nd period - Shot Misses the Net.
0:38 of 2nd period - Slapshot by Olli Maatta.
0:38 of 2nd period - Shot Misses the Net.
0:40 of 2nd period - Slapshot by Alex Goligoski.
0:40 of 2nd period - Deflect By Tomas Hertl.
0:40 of 2nd period - Shot Misses the Net.
0:40 of 2nd period - Puck is out of play.
0:41 of 2nd period - Nic Dowd wins face-off versus Jeff Carter in Golden Knights zone.
1:08 of 2nd period - Sean Kuraly is hit by Joel Kiviranta and loses puck.
1:45 of 2nd period - Snap shot by Brock Boeser.
1:45 of 2nd period - Stopped by Alexandar Georgiev without a rebound.
1:46 of 2nd period - Jeff Carter wins face-off versus Ondrej Palat in Kings zone.
2:11 of 2nd period - Evgeni Malkin is hit by Alex Ovechkin and loses puck.
2:20 of 2nd period - Wrist shot by Brock Boeser.
2:20 of 2nd period - Deflect By Evgeni Malkin.
2:20 of 2nd period - Stopped by Alexandar Georgiev with a rebound.
2:22 of 2nd period - Wrist shot by Evgeni Malkin.
2:22 of 2nd period - Stopped by Alexandar Georgiev with a rebound.
2:42 of 2nd period - Snap shot by Christian Fischer.
2:42 of 2nd period - Stopped by Connor Hellebuyck with a rebound.
2:54 of 2nd period - Wrist shot by Artemi Panarin.
2:54 of 2nd period - Shot Blocked by Nic Dowd.
4:00 of 2nd period - Jordan Eberle is hit by Ryan Pulock and loses puck.
4:13 of 2nd period - Joshua Brown is hit by Nick Leddy and loses puck.
4:22 of 2nd period - Wrist shot by Joel Kiviranta.
4:22 of 2nd period - Shot Misses the Net.
4:40 of 2nd period - Snap shot by Artemi Panarin.
4:40 of 2nd period - Shot Blocked by Tyler Johnson.
4:42 of 2nd period - Backhand shot by Tage Thompson.
4:42 of 2nd period - Stopped by Connor Hellebuyck with a rebound.
4:52 of 2nd period - Jonas Brodin is hit by Johnathan Kovacevic and loses puck.
5:05 of 2nd period - Slapshot by Brock Boeser.
5:05 of 2nd period - Stopped by Alexandar Georgiev with a rebound.
5:15 of 2nd period - Slapshot by Ondrej Palat.
5:15 of 2nd period - Stopped by Alexandar Georgiev without a rebound.
5:16 of 2nd period - Nic Dowd wins face-off versus Jeff Carter in Kings zone.
5:27 of 2nd period - Wrist shot by Blake Coleman.
5:27 of 2nd period - Stopped by Alexandar Georgiev with a rebound.
5:29 of 2nd period - Slapshot by Blake Coleman.
5:29 of 2nd period - Shot Misses the Net.
5:41 of 2nd period - Jaycob Megna is hit by Carl Grundstrom and loses puck.
6:10 of 2nd period - Brian Dumoulin is hit by Tim Gettinger and loses puck.
6:29 of 2nd period - Snap shot by Jordan Eberle.
6:29 of 2nd period - Stopped by Connor Hellebuyck without a rebound.
6:30 of 2nd period - Jeff Carter wins face-off versus Ondrej Palat in Golden Knights zone.
6:31 of 2nd period - Snap shot by Artemi Panarin.
6:31 of 2nd period - Deflect By Tage Thompson.
6:31 of 2nd period - Stopped by Connor Hellebuyck with a rebound.
6:45 of 2nd period - Snap shot by Nic Dowd.
6:45 of 2nd period - Stopped by Alexandar Georgiev without a rebound.
6:46 of 2nd period - Evgeni Malkin wins face-off versus Tomas Hertl in Kings zone.
7:12 of 2nd period - Snap shot by Christian Fischer.
7:12 of 2nd period - Stopped by Connor Hellebuyck with a rebound.
7:34 of 2nd period - Wrist shot by Evgeni Malkin.
7:34 of 2nd period - Shot Blocked by Brian Dumoulin.
7:36 of 2nd period - Snap shot by Brock Boeser.
7:36 of 2nd period - Shot Misses the Net.
7:38 of 2nd period - Slapshot by Evgeni Malkin.
7:38 of 2nd period - Stopped by Alexandar Georgiev without a rebound.
7:39 of 2nd period - Ondrej Palat wins face-off versus Tomas Hertl in Kings zone.
8:12 of 2nd period - Slapshot by Phil Kessel.
8:12 of 2nd period - Stopped by Alexandar Georgiev with a rebound.
8:34 of 2nd period - Wrist shot by Joel Kiviranta.
8:34 of 2nd period - Stopped by Alexandar Georgiev without a rebound.
8:35 of 2nd period - Jake Evans wins face-off versus Sean Kuraly in Kings zone.
8:43 of 2nd period - Double Minor Penalty to Jonas Brodin for Slashing.
8:44 of 2nd period - Evgeni Malkin wins face-off versus Sean Kuraly in Kings zone.
8:50 of 2nd period - Wrist shot by Brock Boeser.
8:50 of 2nd period - Goal by Brock Boeser - Kings : 1 - Golden Knights : 2.
8:51 of 2nd period - Sean Kuraly wins face-off versus Evgeni Malkin in neutral zone.
9:07 of 2nd period - Icing by Nick Leddy.
9:08 of 2nd period - Evgeni Malkin wins face-off versus Sean Kuraly in Golden Knights zone.
9:43 of 2nd period - Snap shot by Evgeni Malkin.
9:43 of 2nd period - Shot Misses the Net.
9:45 of 2nd period - Snap shot by Nick Leddy.
9:45 of 2nd period - Stopped by Alexandar Georgiev with a rebound.
10:10 of 2nd period - Snap shot by Matthew Boldy.
10:10 of 2nd period - Shot Misses the Net.
10:12 of 2nd period - Slapshot by Ryan Pulock.
10:12 of 2nd period - Deflect By Brock Boeser.
10:12 of 2nd period - Stopped by Alexandar Georgiev without a rebound.
10:13 of 2nd period - Sean Kuraly wins face-off versus Blake Coleman in Kings zone.
10:44 of 2nd period - Slapshot by Alex Goligoski.
10:44 of 2nd period - Deflect By Jayson Megna.
10:44 of 2nd period - Stopped by Connor Hellebuyck without a rebound.
10:45 of 2nd period - Nic Dowd wins face-off versus Jeff Carter in Golden Knights zone.
10:50 of 2nd period - Penalty to Jonas Brodin is over, Jonas Brodin is back on ice.
11:00 of 2nd period - Alex Goligoski is hit by Ryan Pulock.
12:00 of 2nd period - Sean Kuraly is hit by Blake Coleman and loses puck.
12:55 of 2nd period - Wrist shot by Artemi Panarin.
12:55 of 2nd period - Stopped by Connor Hellebuyck with a rebound.
13:01 of 2nd period - Jonas Brodin is hit by Ryan Pulock and loses puck.
13:28 of 2nd period - Icing by Brian Dumoulin.
13:29 of 2nd period - Sean Kuraly wins face-off versus Jake Evans in Kings zone.
13:37 of 2nd period - Off-side.
13:38 of 2nd period - Tomas Hertl wins face-off versus Evgeni Malkin in neutral zone.
13:48 of 2nd period - Tomas Hertl is hit by Evgeni Malkin.
13:51 of 2nd period - Icing by Jordan Eberle.
13:52 of 2nd period - Tomas Hertl wins face-off versus Nic Dowd in Kings zone.
14:15 of 2nd period - Wrist shot by Tomas Hertl.
14:15 of 2nd period - Goal by Tomas Hertl - Kings : 2 - Golden Knights : 2.
14:16 of 2nd period - Jeff Carter wins face-off versus Evgeni Malkin in neutral zone.
14:43 of 2nd period - Alex Goligoski is hit by Phil Kessel and loses puck.
14:54 of 2nd period - Snap shot by Tyler Johnson.
14:54 of 2nd period - Deflect By Derek Stepan.
14:54 of 2nd period - Shot Blocked by Jeff Carter.
14:54 of 2nd period - Puck is out of play.
14:55 of 2nd period - Tomas Hertl wins face-off versus Evgeni Malkin in Kings zone.
15:12 of 2nd period - Jaycob Megna is hit by Joshua Brown and loses puck.
15:52 of 2nd period - Snap shot by Nic Dowd.
15:52 of 2nd period - Stopped by Alexandar Georgiev with a rebound.
15:54 of 2nd period - Slapshot by Jaycob Megna.
15:54 of 2nd period - Shot Blocked by Jayson Megna.
15:56 of 2nd period - Snap shot by Nic Dowd.
15:56 of 2nd period - Shot Misses the Net.
15:58 of 2nd period - Snap shot by Nic Dowd.
15:58 of 2nd period - Shot Misses the Net.
16:26 of 2nd period - Snap shot by Blake Coleman.
16:26 of 2nd period - Shot Blocked by Olli Maatta.
16:28 of 2nd period - Backhand shot by Jaycob Megna.
16:28 of 2nd period - Stopped by Alexandar Georgiev without a rebound.
16:29 of 2nd period - Tomas Hertl wins face-off versus Evgeni Malkin in Kings zone.
16:36 of 2nd period - Snap shot by Tomas Hertl.
16:36 of 2nd period - Shot Misses the Net.
16:46 of 2nd period - Alex Ovechkin is hit by Matthew Boldy and loses puck.
17:49 of 2nd period - Jeff Carter is hit by Adam Boqvist and loses puck.
18:02 of 2nd period - Snap shot by Joel Kiviranta.
18:02 of 2nd period - Stopped by Alexandar Georgiev with a rebound.
18:04 of 2nd period - Wrist shot by Jake Evans.
18:04 of 2nd period - Shot Misses the Net.
18:14 of 2nd period - Carl Grundstrom is hit by Brock Boeser and loses puck.
18:32 of 2nd period - Off-side.
18:33 of 2nd period - Jordan Eberle wins face-off versus Derek Stepan in neutral zone.
19:27 of 2nd period - Wrist shot by Jeff Carter.
19:27 of 2nd period - Shot Blocked by Derek Stepan.
19:39 of 2nd period - Slapshot by Phil Kessel.
19:39 of 2nd period - Stopped by Alexandar Georgiev without a rebound.
19:40 of 2nd period - Tomas Hertl wins face-off versus Evgeni Malkin in Kings zone.
Goals for this period are 1 for Kings vs 1 for Golden Knights.
Shots for this period are 13 for Kings vs 17 for Golden Knights.

3rd period


0:01 of 3rd period - Evgeni Malkin wins face-off versus Jeff Carter in neutral zone.
0:16 of 3rd period - Slapshot by Brock Boeser.
0:16 of 3rd period - Shot Misses the Net.
0:26 of 3rd period - Nick Leddy is hit by Tomas Hertl and loses puck.
0:33 of 3rd period - Slapshot by Tomas Hertl.
0:33 of 3rd period - Stopped by Connor Hellebuyck with a rebound.
0:47 of 3rd period - Wrist shot by Sean Kuraly.
0:47 of 3rd period - Shot Misses the Net.
0:49 of 3rd period - Slapshot by Jonas Brodin.
0:49 of 3rd period - Deflect By Milan Lucic.
0:49 of 3rd period - Shot Misses the Net.
0:49 of 3rd period - Puck is out of play.
0:50 of 3rd period - Jake Evans wins face-off versus Sean Kuraly in Golden Knights zone.
0:50 of 3rd period - Jake Evans is hit by Christian Fischer.
0:56 of 3rd period - Slapshot by Sean Kuraly.
0:56 of 3rd period - Stopped by Connor Hellebuyck with a rebound.
0:58 of 3rd period - Wrist shot by Sean Kuraly.
0:58 of 3rd period - Stopped by Connor Hellebuyck without a rebound.
0:59 of 3rd period - Evgeni Malkin wins face-off versus Jordan Eberle in Golden Knights zone.
1:29 of 3rd period - Off-side.
1:30 of 3rd period - Nic Dowd wins face-off versus Tage Thompson in neutral zone.
2:27 of 3rd period - Wrist shot by Blake Coleman.
2:27 of 3rd period - Shot Hit the Post.
2:29 of 3rd period - Slapshot by Jaycob Megna.
2:29 of 3rd period - Stopped by Alexandar Georgiev with a rebound.
2:31 of 3rd period - Wrist shot by Nic Dowd.
2:31 of 3rd period - Stopped by Alexandar Georgiev with a rebound.
2:33 of 3rd period - Snap shot by Johnathan Kovacevic.
2:33 of 3rd period - Shot Misses the Net.
2:35 of 3rd period - Snap shot by Nic Dowd.
2:35 of 3rd period - Shot Blocked by Trevor van Riemsdyk.
2:37 of 3rd period - Slapshot by Blake Coleman.
2:37 of 3rd period - Stopped by Alexandar Georgiev with a rebound.
2:39 of 3rd period - Slapshot by Johnathan Kovacevic.
2:39 of 3rd period - Stopped by Alexandar Georgiev with a rebound.
2:41 of 3rd period - Backhand shot by Johnathan Kovacevic.
2:41 of 3rd period - Deflect By Blake Coleman.
2:41 of 3rd period - Stopped by Alexandar Georgiev with a rebound.
3:16 of 3rd period - Icing by Joshua Brown.
3:17 of 3rd period - Jeff Carter wins face-off versus Evgeni Malkin in Kings zone.
3:22 of 3rd period - Matthew Boldy is hit by Joshua Brown and loses puck.
3:49 of 3rd period - Snap shot by Tage Thompson.
3:49 of 3rd period - Stopped by Connor Hellebuyck without a rebound.
3:50 of 3rd period - Tomas Hertl wins face-off versus Derek Stepan in Golden Knights zone.
3:55 of 3rd period - Slapshot by Tomas Hertl.
3:55 of 3rd period - Stopped by Connor Hellebuyck without a rebound.
3:56 of 3rd period - Tomas Hertl wins face-off versus Derek Stepan in Golden Knights zone.
4:05 of 3rd period - Wrist shot by Alex Ovechkin.
4:05 of 3rd period - Shot Blocked by Derek Stepan.
4:07 of 3rd period - Slapshot by Alex Ovechkin.
4:07 of 3rd period - Stopped by Connor Hellebuyck without a rebound.
4:08 of 3rd period - Tomas Hertl wins face-off versus Evgeni Malkin in Golden Knights zone.
5:07 of 3rd period - Tyler Johnson is hit by Alex Goligoski and loses puck.
5:38 of 3rd period - Blake Coleman is hit by Sean Kuraly.
6:08 of 3rd period - Snap shot by Joel Kiviranta.
6:08 of 3rd period - Shot Misses the Net.
6:10 of 3rd period - Wrist shot by Adam Boqvist.
6:10 of 3rd period - Stopped by Alexandar Georgiev without a rebound.
6:11 of 3rd period - Sean Kuraly wins face-off versus Evgeni Malkin in Kings zone.
6:49 of 3rd period - Snap shot by Carl Grundstrom.
6:49 of 3rd period - Shot Misses the Net.
7:03 of 3rd period - Wrist shot by Tomas Hertl.
7:03 of 3rd period - Deflect By Alex Ovechkin.
7:03 of 3rd period - Shot Misses the Net.
7:03 of 3rd period - Puck is out of play.
7:04 of 3rd period - Derek Stepan wins face-off versus Tomas Hertl in Golden Knights zone.
7:13 of 3rd period - Slapshot by Tyler Johnson.
7:13 of 3rd period - Stopped by Alexandar Georgiev without a rebound.
7:14 of 3rd period - Evgeni Malkin wins face-off versus Tomas Hertl in Kings zone.
7:51 of 3rd period - Wrist shot by Tage Thompson.
7:51 of 3rd period - Stopped by Connor Hellebuyck without a rebound.
7:52 of 3rd period - Tomas Hertl wins face-off versus Matthew Boldy in Golden Knights zone.
7:56 of 3rd period - Icing by Matthew Boldy.
7:57 of 3rd period - Evgeni Malkin wins face-off versus Tomas Hertl in Golden Knights zone.
8:21 of 3rd period - Icing by Nick Leddy.
8:22 of 3rd period - Jeff Carter wins face-off versus Nic Dowd in Golden Knights zone.
8:25 of 3rd period - Snap shot by Artemi Panarin.
8:25 of 3rd period - Shot Misses the Net.
10:29 of 3rd period - Tim Gettinger is hit by Tomas Hertl and loses puck.
10:34 of 3rd period - Snap shot by Alex Ovechkin.
10:34 of 3rd period - Stopped by Connor Hellebuyck with a rebound.
11:33 of 3rd period - Slapshot by Evgeni Malkin.
11:33 of 3rd period - Shot Blocked by Christian Fischer.
11:51 of 3rd period - Slapshot by Alex Ovechkin.
11:51 of 3rd period - Goal by Alex Ovechkin - Kings : 3 - Golden Knights : 2.
11:52 of 3rd period - Evgeni Malkin wins face-off versus Jordan Eberle in neutral zone.
12:45 of 3rd period - Wrist shot by Christian Fischer.
12:45 of 3rd period - Shot Hit the Post.
12:47 of 3rd period - Slapshot by Olli Maatta.
12:47 of 3rd period - Shot Blocked by Johnathan Kovacevic.
12:49 of 3rd period - Snap shot by Alex Goligoski.
12:49 of 3rd period - Stopped by Connor Hellebuyck without a rebound.
12:50 of 3rd period - Tomas Hertl wins face-off versus Evgeni Malkin in Golden Knights zone.
13:01 of 3rd period - Snap shot by Alex Ovechkin.
13:01 of 3rd period - Shot Misses the Net.
14:00 of 3rd period - Tyler Johnson is hit by Carl Grundstrom and loses puck.
15:11 of 3rd period - Icing by Olli Maatta.
15:12 of 3rd period - Evgeni Malkin wins face-off versus Sean Kuraly in Kings zone.
15:29 of 3rd period - Snap shot by Alex Goligoski.
15:29 of 3rd period - Shot Misses the Net.
15:31 of 3rd period - Slapshot by Olli Maatta.
15:31 of 3rd period - Shot Misses the Net.
15:33 of 3rd period - Slapshot by Sean Kuraly.
15:33 of 3rd period - Shot Misses the Net.
15:37 of 3rd period - Wrist shot by Sean Kuraly.
15:37 of 3rd period - Stopped by Connor Hellebuyck without a rebound.
15:38 of 3rd period - Nic Dowd wins face-off versus Tomas Hertl in Golden Knights zone.
16:07 of 3rd period - Wrist shot by Tage Thompson.
16:07 of 3rd period - Deflect By Jeff Carter.
16:07 of 3rd period - Stopped by Connor Hellebuyck with a rebound.
16:42 of 3rd period - Minor Penalty to Jaycob Megna for Interference.
16:43 of 3rd period - Jake Evans wins face-off versus Tomas Hertl in Golden Knights zone.
17:04 of 3rd period - Nic Dowd is hit by Brian Dumoulin and loses puck.
17:18 of 3rd period - Off-side.
17:19 of 3rd period - Jeff Carter wins face-off versus Matthew Boldy in neutral zone.
18:28 of 3rd period - Adam Boqvist is hit by Artemi Panarin and loses puck.
18:37 of 3rd period - Snap shot by Tage Thompson.
18:37 of 3rd period - Stopped by Connor Hellebuyck without a rebound.
18:38 of 3rd period - Jake Evans wins face-off versus Tomas Hertl in Golden Knights zone.
18:42 of 3rd period - Penalty to Jaycob Megna is over, Jaycob Megna is back on ice.
18:45 of 3rd period - Slapshot by Ryan Pulock.
18:45 of 3rd period - Shot Blocked by Brian Dumoulin.
18:53 of 3rd period - Ryan Pulock is hit by Tomas Hertl and loses puck.
19:04 of 3rd period - Golden Knights, Connor Hellebuyck is pulled from the net.
19:16 of 3rd period - Snap shot by Jayson Megna.
19:16 of 3rd period - Goal by Jayson Megna - Kings : 4 - Golden Knights : 2.
19:16 of 3rd period - Connor Hellebuyck from Golden Knights was sent back in the game.
19:17 of 3rd period - Evgeni Malkin wins face-off versus Sean Kuraly in neutral zone.
Goals for this period are 2 for Kings vs 0 for Golden Knights.
Shots for this period are 14 for Kings vs 7 for Golden Knights.




Output by the SimonT Hockey Simulator (STHS) for Eric Tremblay - Original Page W3C HTML5 Valid
Hockey Simulator - Hockey Simulation - Hockey Manager